[Event "Early-Titled-Tuesday-Blitz-March-19-2024"]
[Site "Chess.com"]
[Date "2024.03.19"]
[Round "2"]
[White "Kacparov"]
[Black "Kunalm64"]
[Result "1-0"]
[WhiteElo "2926"]
[BlackElo "2628"]
[TimeControl "180+1"]
[EndTime "8:17:35 PDT"]
[Termination "Kacparov won by resignation"]

1. e4 c6 2. d4 d5 3. e5 Bf5 4. Nf3 e6 5. Be2 Nd7 6. O-O h6 7. Be3 Ne7 8. Nbd2 a5 9. c4 dxc4 10. Nxc4 Nd5 11. Rc1 Be7 12. Qb3 b5 13. Ncd2 a4 14. Qd1 Rc8 15. a3 O-O 16. Nb1 Qb6 17. Nc3 Qb7 18. Qd2 Nxc3 19. Qxc3 c5 20. dxc5 Nxc5 21.
Bxc5 Rxc5 22. Qd2 Rxc1 23. Rxc1 Rd8 24. Qa5 Ra8 25. Qc7 Rb8 26. Nd4 Bg5 27. Qxb7 Rxb7 28.
Rc8+ Kh7 29. Bxb5 Bf4 30. Rc5 Bc1 31. Rxc1 1-0

[Event "Early-Titled-Tuesday-Blitz-March-19-2024"]
[Site "Chess.com"]
[Date "2024.03.19"]
[Round "2"]
[White "Keeper0416"]
[Black "BashirliSaadat"]
[Result "1-0"]
[WhiteElo "2576"]
[BlackElo "2361"]
[TimeControl "180+1"]
[EndTime "8:17:35 PDT"]
[Termination "Keeper0416 won by resignation"]

1. Nf3 Nf6 2. c4 g6 3. g3 Bg7 4.
Bg2 O-O 5. O-O e6 6. d4 d5 7. b3 c6 8. Bb2 Ne4 9. e3 Nd7 10. Nfd2 Nxd2 11. Nxd2 b6 12. Qe2 Bb7 13. Rfc1 Nf6 14. e4 dxe4 15. Nxe4 Nxe4 16. Qxe4 Rb8 17.
c5 Re8 18. h4 bxc5 19. Rxc5 Bf8 20. Qf4 Bd6 21. Qe3 Bxc5 22. dxc5 e5 23. f4 exf4 24.
Qxf4 Qe7 25. Kh2 f5 26. Qd4 Rf8 27. Re1 Rbd8 28. Qh8+ Kf7 29. Qg7+ 1-0

[Event "Early-Titled-Tuesday-Blitz-March-19-2024"]
[Site "Chess.com"]
[Date "2024.03.19"]
[Round "2"]
[White "Predator0608"]
[Black "Fjal"]
[Result "1-0"]
[WhiteElo "2566"]
[BlackElo "2339"]
[TimeControl "180+1"]
[EndTime "8:17:35 PDT"]
[Termination "Predator0608 won by resignation"]

1. g3 d6 2. Bg2 g6 3. e3 Bg7 4. Ne2 Nf6 5. O-O O-O 6. d3 c5 7. e4 Nc6 8. Nbc3 Rb8 9. f4 a6 10. Qe1 Qc7 11. Nd1 b6 12. h3 b5 13. g4 Bb7 14. f5 c4 15. Kh1 Nd7 16. Qh4 Nb4 17. Nf2 Nxc2 18. Rb1 cxd3 19. Nxd3 Nc5 20. Nf2 d5 21.
exd5 Rbd8 22. Bf4 Be5 23. Bh6 Ne3 24. Bxe3 Bxd5 25. Bxd5 Rxd5 26. Rbc1 Qb7 27. Kg1 Nd3 28.
Nxd3 Rxd3 29. Qf2 Qe4 30. Bc5 Rxh3 31. Qg2 Bh2+ 32. Kf2 Bg3+ 33. Nxg3 Qf4+ 34. Qf3 Rh2+ 35. Kg1 1-0

[Event "Early-Titled-Tuesday-Blitz-March-19-2024"]
[Site "Chess.com"]
[Date "2024.03.19"]
[Round "2"]
[White "Kaissa10"]
[Black "xakevicius91"]
[Result "0-1"]
[WhiteElo "2305"]
[BlackElo "2540"]
[TimeControl "180+1"]
[EndTime "8:17:36 PDT"]
[Termination "xakevicius91 won by resignation"]

1. e4 c5 2. Nf3 e6 3. d4 cxd4 4. Nxd4 Qb6 5. Nb3 Nc6 6. Nc3 a6 7. Be3 Qc7 8. Be2 Nf6 9. O-O Be7 10. Qd2 d6 11. f4 O-O 12. Nd4 Bd7 13. Rad1 Nxd4 14.
Bxd4 Bc6 15. Bd3 e5 16. fxe5 dxe5 17. Be3 Rad8 18. Qe2 b5 19. a3 Qb7 20. Bg5 Kh8 21.
Kh1 Ng8 22. Qh5 Bxg5 23. Qxg5 f6 24. Qh5 Ne7 25. Rf3 Be8 26. Qh4 Ng6 27. Qg4 Bd7 28.
Qh5 Nf4 29. Qh4 Be6 30. Rdf1 g5 31. Qh6 Qg7 32. Qxg7+ Kxg7 33. g3 Ng6 34. Na2 h5 35.
Nb4 Rd6 36. Kg2 h4 37. b3 Bg4 38. R3f2 Rh8 39. Na2 hxg3 40. hxg3 Bh3+ 41. Kg1 Bxf1 42. Rxf1 Ne7 43. Nc3 Rc8 44. a4 Rxc3 45. axb5 axb5 0-1

[Event "Early-Titled-Tuesday-Blitz-March-19-2024"]
[Site "Chess.com"]
[Date "2024.03.19"]
[Round "2"]
[White "MatyChess1"]
[Black "Bauman_Guy"]
[Result "1-0"]
[WhiteElo "2657"]
[BlackElo "2920"]
[TimeControl "180+1"]
[EndTime "8:17:37 PDT"]
[Termination "MatyChess1 won on time"]

1. d4 Nf6 2. Bf4 b6 3. c4 Bb7 4.
e3 g6 5. Nc3 Bg7 6. h3 d6 7.
Nf3 O-O 8. Be2 Nc6 9. O-O Nd7 10.
Bh2 e5 11. d5 Ne7 12. b4 a5 13. a3 h6 14. Nd2 f5 15. Qb3 e4 16. Rac1 Bc8 17.
Nb5 Ba6 18. c5 a4 19. Qa2 bxc5 20. bxc5 Ne5 21. Rfd1 Kh7 22. Nb1 Rb8 23. N1c3 dxc5 24. d6 cxd6 25. Rxd6 Qa5 26. Qe6 Bxb5 27. Qxe7 Rfe8 28.
Qh4 Bxe2 29. Nxe2 Rb2 30. Bxe5 Rxe5 31. Rd7 1-0

[Event "Early-Titled-Tuesday-Blitz-March-19-2024"]
[Site "Chess.com"]
[Date "2024.03.19"]
[Round "2"]
[White "SmirnovAlexandrA"]
[Black "SchmakAttack"]
[Result "1-0"]
[WhiteElo "2611"]
[BlackElo "2827"]
[TimeControl "180+1"]
[EndTime "8:17:37 PDT"]
[Termination "SmirnovAlexandrA won by resignation"]

1. e4 c5 2. Nf3 d6 3. Bc4 Nf6 4. e5 dxe5 5. Nxe5 e6 6. Qe2 Be7 7. b3 O-O 8. Bb2 Qc7 9. O-O Nc6 10. f4 a6 11. a4 Nd4 12. Qd1 b6 13. Na3 Bb7 14. Bd3 Rad8 15. Qe1 Nd5 16. Be4 Nf6 17.
Bd3 Nd5 18. Be4 b5 19. axb5 axb5 20. c4 bxc4 21. bxc4 Nb4 22. Nb5 Nxb5 23. cxb5 Bxe4 24. Qxe4 Rxd2 25. Bc3 Rd5 26. f5 exf5 27. Rxf5 Bf6 28.
Raf1 Bxe5 29. Rxe5 Rxe5 30. Bxe5 Qd7 31. Qc4 Nd3 32.
Bg3 Nb2 33. Qxc5 Na4 34. Qb4 Nb6 35. Qc5 Na4 36. Qc6 Qd4+ 37. Kh1 Qd3 38. Rc1 h5 39. b6 Qb3 40. b7 Qb4 41. Bd6 Qb2 42.
Bxf8 1-0

[Event "Early-Titled-Tuesday-Blitz-March-19-2024"]
[Site "Chess.com"]
[Date "2024.03.19"]
[Round "2"]
[White "chess123456s"]
[Black "CrazyMartian"]
[Result "1-0"]
[WhiteElo "2560"]
[BlackElo "2332"]
[TimeControl "180+1"]
[EndTime "8:17:37 PDT"]
[Termination "chess123456s won by resignation"]

1. d4 d5 2. Nc3 Nf6 3. Bf4 c5 4. e4 Nxe4 5. Nxe4 dxe4 6. dxc5 Nc6 7. Qxd8+ Nxd8 8. O-O-O Bd7 9. f3 Ne6 10. Be3 exf3 11.
Nxf3 O-O-O 12. Bc4 g6 13. Ne5 Be8 14. Rdf1 Ng7 15.
Nxf7 Bxf7 16. Rxf7 Nf5 17. Be6+ Kc7 18. Bxf5 gxf5 19.
Rxf5 Bg7 20. Rhf1 Bf6 21. Bg5 Bxg5+ 22. Rxg5 Rhf8 23. Rxf8 Rxf8 24. Rg7 Kd7 25. Rxh7 Rf1+ 26. Kd2 Rf2+ 27. Kd3 Rxg2 28. b4 Rg4 29. Kc3 Rf4 30.
h4 Rf3+ 31. Kb2 Rh3 32. a4 a6 33. c3 Rh2+ 34. Kb3 Rh1 35. h5 Rh4 36. h6 Rh5 37. Rh8 Kc7 38. Kc4 Rh4+ 39. Kd5 Rh3 40. h7 Kd7 41. b5 axb5 42. axb5 Rh5+ 43. Ke4 Kc7 44.
b6+ Kd7 45. c6+ bxc6 46. b7 1-0

[Event "Early-Titled-Tuesday-Blitz-March-19-2024"]
[Site "Chess.com"]
[Date "2024.03.19"]
[Round "2"]
[White "ArchibaldCerveza29"]
[Black "scarabee43"]
[Result "0-1"]
[WhiteElo "2428"]
[BlackElo "2815"]
[TimeControl "180+1"]
[EndTime "8:17:39 PDT"]
[Termination "scarabee43 won by resignation"]

1. e4 c5 2. Nf3 e6 3. d4 cxd4 4.
Nxd4 Nc6 5. Nc3 Qc7 6. g3 a6 7. Bg2 Nf6 8. O-O Nxd4 9. Qxd4 Bc5 10. Qd3 h6 11. a4 O-O 12. h3 d6 13. Kh1 Bd7 14.
f4 Bc6 15. Be3 Bxe3 16. Qxe3 Rac8 17. Rfd1 Rfd8 18. a5 Nd7 19. Ra3 Nc5 20. Qd4 Qe7 21. b4 e5 22. fxe5 Ne6 23. exd6 Qg5 24. Qd3 Qe5 25.
Ra2 Rd7 26. Nd5 Bb5 27. Qd2 Rcd8 28. Rc1 Rxd6 29. c4 Bc6 30. Qe3 Bxd5 31. cxd5 Rxd5 32. Re2 Rd3 33. Qb6 Qxg3 34. Qxb7 Rd1+ 0-1

[Event "Early-Titled-Tuesday-Blitz-March-19-2024"]
[Site "Chess.com"]
[Date "2024.03.19"]
[Round "2"]
[White "MyDream003"]
[Black "picturesquecheck"]
[Result "1/2-1/2"]
[WhiteElo "2786"]
[BlackElo "2435"]
[TimeControl "180+1"]
[EndTime "8:17:39 PDT"]
[Termination "Game drawn by agreement"]

1. Nf3 c6 2. c4 d5 3. e3 Nf6 4. b3 g6 5. Bb2 Bg7 6. Be2 O-O 7. O-O Bg4 8. d4 e6 9. Nc3 Nbd7 10. Rc1 Rc8 11.
h3 Bxf3 12. Bxf3 Re8 13. Qc2 dxc4 14. bxc4 e5 15. Rfd1 exd4 16. exd4 Qa5 17. Qb3 Qb6 18. c5 Qxb3 19. axb3 Nb8 20. b4 Na6 21. b5 Nb4 22.
Ra1 a6 23. Ra4 Nbd5 24. bxa6 bxa6 25. Rxa6 Red8 26. Na4 Nb4 27. Rb6 Nfd5 28. Rb7 Rb8 29. Rxb8 Rxb8 30. Ba1 Nc2 31. Bxd5 cxd5 32. Nb6 Nxa1 33.
Rxa1 Bxd4 34. Rc1 Bxc5 35. Nxd5 Bd4 36. Rd1 Bg7 37. Ne7+ Kf8 38. Nc6 Re8 39. g3 h5 40.
Kg2 Bf6 41. Rd3 Kg7 42. Rd7 Re6 43. Nb4 Re7 44. Rd3 Rb7 45. Nd5 Rb2 46. Kf3 Bd8 47. g4 hxg4+ 48. hxg4 Bb6 49. Ne3 Bxe3 1/2-1/2

[Event "Early-Titled-Tuesday-Blitz-March-19-2024"]
[Site "Chess.com"]
[Date "2024.03.19"]
[Round "2"]
[White "AlanZhang"]
[Black "MaxLeto"]
[Result "0-1"]
[WhiteElo "2235"]
[BlackElo "2514"]
[TimeControl "180+1"]
[EndTime "8:17:40 PDT"]
[Termination "MaxLeto won on time"]

1. e4 c5 2. Nf3 d6 3. d4 cxd4 4.
Nxd4 Nf6 5. Nc3 a6 6. h3 e6 7. g4 Qc7 8. Be3 Nfd7 9. Qe2 b5 10.
Bg2 Bb7 11. a3 Ne5 12. O-O Nc4 13. Bc1 Nd7 14. Rd1 Be7 15. f4 O-O 16. Qd3 Rac8 17. f5 Nc5 18. Qg3 Bf6 19. b3 Be5 20. Qf2 Nb6 21.
Bb2 Rfe8 22. Re1 Nbd7 23. Rad1 h6 24. Re3 Nf6 25. Nce2 Ncxe4 26. Bxe4 Nxe4 27. Qh4 Bf6 28. Qe1 Bg5 29. Red3 d5 30. fxe6 fxe6 31. Nf3 e5 32. Nxg5 Nxg5 33. Ng3 e4 34. Re3 Nf3+ 35. Rxf3 exf3 36.
Qf2 d4 37. Nf5 Re2 0-1

[Event "Early-Titled-Tuesday-Blitz-March-19-2024"]
[Site "Chess.com"]
[Date "2024.03.19"]
[Round "2"]
[White "profedechess93"]
[Black "rubicapa"]
[Result "1-0"]
[WhiteElo "2655"]
[BlackElo "2413"]
[TimeControl "180+1"]
[EndTime "8:17:41 PDT"]
[Termination "profedechess93 won by resignation"]

1. e4 c5 2. Nf3 Nc6 3. Bb5 Na5 4. c3 a6 5. Ba4 b5 6. Bc2 Bb7 7. d4 cxd4 8. cxd4 Rc8 9. O-O e6 10. Nc3 Nf6 11. Qe2 d6 12. e5 Nd5 13. Ne4 dxe5 14. dxe5 Be7 15. Rd1 O-O 16. Bg5 Nc4 17. Rab1 Bxg5 18. Nexg5 g6 19. Qe4 Qe7 20. Qh4 h5 21.
Qg3 Nce3 22. Bb3 Nxd1 23. Rxd1 Rfd8 24. Ne4 Ba8 25. Re1 Nb4 26. Nf6+ Kf8 27. Qg5 Qc5 28.
Nh7+ Kg7 29. Qf6+ Kxh7 30. Ng5+ Kh6 31. Nxf7+ Kh7 32. Ng5+ Kh6 33. Nxe6 Rd7 34. Qf4+ Kh7 35. Nxc5 Rxc5 36. Qxb4 1-0

[Event "Early-Titled-Tuesday-Blitz-March-19-2024"]
[Site "Chess.com"]
[Date "2024.03.19"]
[Round "2"]
[White "pirulillo"]
[Black "GP9isback23"]
[Result "1-0"]
[WhiteElo "2355"]
[BlackElo "2549"]
[TimeControl "180+1"]
[EndTime "8:17:42 PDT"]
[Termination "pirulillo won on time"]

1. e4 c5 2. Nf3 e6 3. d3 Nc6 4. g3 Nf6 5. Bg2 d5 6. Qe2 Be7 7. O-O O-O 8. e5 Nd7 9. c4 Nb6 10. h4 f6 11. Nc3 fxe5 12. Nxe5 Nd4 13. Qd1 Bf6 14. Bf4 Bxh4 15. Qh5 Bf6 16. Ng4 dxc4 17. Ne4 e5 18. Bg5 Bxg4 19. Qxg4 Bxg5 20. Nxg5 cxd3 21. Be4 g6 22. Nxh7 Qd6 23. Bxg6 Kh8 24. Qh5 Kg7 25. Be4 Qh6 26. Qxe5+ Kf7 27. Qc7+ Ke6 28.
Rfe1 Ne2+ 29. Rxe2 dxe2 30. Re1 Rad8 31. Bc2 Qd2 32. Ng5+ Kf6 33. Ne4+ 1-0

[Event "Early-Titled-Tuesday-Blitz-March-19-2024"]
[Site "Chess.com"]
[Date "2024.03.19"]
[Round "2"]
[White "ChainedDowntohell"]
[Black "javierfreilemartin"]
[Result "1-0"]
[WhiteElo "2539"]
[BlackElo "2303"]
[TimeControl "180+1"]
[EndTime "8:17:42 PDT"]
[Termination "ChainedDowntohell won by resignation"]

1. e4 c5 2. Nf3 e6 3. d4 cxd4 4. Nxd4 a6 5. c4 h6 6. a3 d6 7. Nc3 Nf6 8. Be3 b6 9. Be2 Bb7 10.
f3 Nbd7 11. Qd2 g5 12. g4 Rc8 13. h4 gxh4 14. O-O-O Nc5 15. Kb1 a5 16. Ndb5 d5 17. cxd5 exd5 18. e5 Nfd7 19. Nxd5 Ne6 20. f4 Bc5 21.
Bxc5 Rxc5 22. Nd6+ Kf8 23. Nxb7 Qa8 24. Nxc5 Ndxc5 25. f5 Ng5 26. Rxh4 Kg7 27. f6+ Kf8 28. Qxg5 1-0

[Event "Early-Titled-Tuesday-Blitz-March-19-2024"]
[Site "Chess.com"]
[Date "2024.03.19"]
[Round "2"]
[White "bangchess21"]
[Black "bulletteemo"]
[Result "1-0"]
[WhiteElo "2841"]
[BlackElo "2594"]
[TimeControl "180+1"]
[EndTime "8:17:43 PDT"]
[Termination "bangchess21 won on time"]

1. e4 c5 2. Nf3 d6 3. Nc3 Nf6 4. h3 g6 5. d4 cxd4 6. Nxd4 Bg7 7. Be3 Nc6 8. Qd2 O-O 9. O-O-O Bd7 10. f4 Nxd4 11. Bxd4 Bc6 12. Qe1 Qa5 13. Kb1 e5 14. fxe5 dxe5 15. Bf2 Rfd8 16. Bd3 Nh5 17. g3 Rac8 18. Be3 a6 19. Qf2 Rd7 20. Bc4 Qd8 21. Bxf7+ Kh8 22. Bd5 b5 23. Be6 Rxd1+ 24. Rxd1 Qe8 25.
Bxc8 Qxc8 26. Nd5 Be8 27. g4 Nf4 28. Nxf4 exf4 29. Bd4 Qe6 30. Bxg7+ Kxg7 31. Qxf4 Bf7 32. b3 a5 33. e5 a4 34. Rf1 axb3 35. Qf6+ Qxf6 36.
exf6+ 1-0

[Event "Early-Titled-Tuesday-Blitz-March-19-2024"]
[Site "Chess.com"]
[Date "2024.03.19"]
[Round "2"]
[White "Pikku_Myy73"]
[Black "TitarovVasiliYouTube"]
[Result "0-1"]
[WhiteElo "2274"]
[BlackElo "2534"]
[TimeControl "180+1"]
[EndTime "8:17:43 PDT"]
[Termination "TitarovVasiliYouTube won by resignation"]

1. d4 d6 2. Nf3 Nf6 3. c4 Bf5 4.
Nc3 c6 5. g3 Ne4 6. Qb3 Qb6 7. Bg2 Nxc3 8. Qxc3 Be4 9. O-O e6 10.
a4 a5 11. Be3 d5 12. Nd2 Bb4 13. Qc1 Bxg2 14. Kxg2 O-O 15. Nf3 Nd7 16. Qc2 Qa6 17. Ng5 Nf6 18. c5 h6 19. Nf3 Nd7 20. h4 b6 21.
cxb6 Qxb6 22. Rac1 Rfc8 23. g4 c5 24. g5 h5 25. g6 f6 26. dxc5 Bxc5 27. Bxc5 Rxc5 28. Qd2 Nf8 29. Rxc5 Qxc5 30. Nd4 Qd6 31. e3 Nxg6 32. Qe2 Nxh4+ 33. Kh3 Ng6 34. Qxh5 Kf7 35. Rg1 Rh8 0-1

[Event "Early-Titled-Tuesday-Blitz-March-19-2024"]
[Site "Chess.com"]
[Date "2024.03.19"]
[Round "2"]
[White "ViIIagra"]
[Black "joksijoksi"]
[Result "1-0"]
[WhiteElo "2915"]
[BlackElo "2623"]
[TimeControl "180+1"]
[EndTime "8:17:44 PDT"]
[Termination "ViIIagra won by resignation"]

1. d4 d5 2. e3 Nf6 3. Nd2 Bf5 4.
Ngf3 e6 5. Be2 c5 6. Nh4 Be4 7. Nxe4 dxe4 8. g3 cxd4 9. exd4 Nc6 10. c3 Be7 11. O-O O-O 12. Be3 Nd5 13. Ng2 f5 14. c4 Nxe3 15. fxe3 e5 16. dxe5 Nxe5 17. Nf4 Qb6 18.
Nd5 Qd6 19. Qb3 Kh8 20. Rad1 Qc5 21. Qxb7 Bg5 22. b4 Qc8 23. Qxc8 Raxc8 24. c5 g6 25. a3 a5 26. Nf4 Bf6 27. Ba6 Ra8 28. b5 Rfd8 29.
Bb7 Nf3+ 30. Kf2 Rab8 31. c6 Be5 32. a4 Kg8 33. Ne6 Rxd1 34. Rxd1 Kf7 35. Nc5 Nxh2 36. Nd7 Re8 37. Nxe5+ Rxe5 38. c7 Ng4+ 39. Ke2 Rc5 40.
c8=Q Rxc8 41. Bxc8 1-0

[Event "Early-Titled-Tuesday-Blitz-March-19-2024"]
[Site "Chess.com"]
[Date "2024.03.19"]
[Round "2"]
[White "Elegance_Riks"]
[Black "VladimirBugayev"]
[Result "1-0"]
[WhiteElo "2766"]
[BlackElo "2334"]
[TimeControl "180+1"]
[EndTime "8:17:44 PDT"]
[Termination "Elegance_Riks won by resignation"]

1. Nf3 c5 2. c4 g6 3. d4 cxd4 4.
Nxd4 Nc6 5. e4 Nf6 6. Nc3 d6 7. Be2 Nxd4 8. Qxd4 Bg7 9. Be3 O-O 10. Qd2 a5 11. f3 a4 12. Rc1 Qa5 13. Kf2 Be6 14.
Rhd1 Rfc8 15. Nb5 Nd7 16. Qxa5 Rxa5 17. Nd4 Bxd4 18. Bxd4 f5 19. exf5 Bxf5 20. Bc3 Raa8 21. Re1 Kf7 22. Bf1 Nc5 23. Re3 h5 24. Rce1 e5 25.
Rd1 Rc6 26. g3 Rac8 27. h3 Be6 28. Bb4 Ke7 29. Ree1 Na6 30. Ba3 Bxc4 31. Bxc4 Rxc4 32. Rxe5+ Kf6 33. Re2 Rc2 34. Rxd6+ Kf5 35. Rdd2 Rxd2 36.
Rxd2 Ke6 37. g4 hxg4 38. hxg4 b5 39. Rd6+ Ke5 40. Rxa6 Rc4 41. Bd6+ Kd5 42. Kg3 g5 43. a3 Rc2 44. Bb4 Rxb2 45. Bf8 Rb3 46. Rg6 b4 47. Rxg5+ Kc4 48. Bxb4 Rxb4 49. axb4 Kxb4 50. Rg8 a3 51. Ra8 1-0

[Event "Early-Titled-Tuesday-Blitz-March-19-2024"]
[Site "Chess.com"]
[Date "2024.03.19"]
[Round "2"]
[White "VitaliyBernadskiy"]
[Black "rhungaski"]
[Result "1-0"]
[WhiteElo "2866"]
[BlackElo "2609"]
[TimeControl "180+1"]
[EndTime "8:17:45 PDT"]
[Termination "VitaliyBernadskiy won on time"]

1. e4 e5 2. Nc3 Nf6 3. g3 Bc5 4. Bg2 d6 5. Nge2 a5 6. O-O Nc6 7. d3 h6 8. h3 O-O 9. Kh1 Nh7 10. f4 f5 11. exf5 Bxf5 12. g4 Bxg4 13. Bd5+ Kh8 14. hxg4 Qh4+ 15. Kg2 Qxg4+ 16. Ng3 Qxd1 17. Nxd1 Nb4 18.
Be4 Nxc2 19. Rb1 c6 20. fxe5 Rxf1 21. Nxf1 d5 22. Bf5 Rf8 23. Ng3 Ne1+ 24. Kh3 Nf3 25. Kg4 Nxe5+ 26. Kh3 Nf3 27. Be3 Bd6 28. Bg4 Nhg5+ 29.
Bxg5 Nxg5+ 30. Kg2 Bxg3 31. Kxg3 Rf1 32. b4 axb4 33.
Rxb4 b5 34. a4 Rg1+ 35. Kf4 bxa4 36. Rxa4 g6 37. Ne3 Nf7 38. Ra6 d4 39. Nc4 Rf1+ 40. Ke4 h5 41. Bd7 Ng5+ 42. Kxd4 h4 43. Ne5 h3 44.
Ra2 1-0

[Event "Early-Titled-Tuesday-Blitz-March-19-2024"]
[Site "Chess.com"]
[Date "2024.03.19"]
[Round "2"]
[White "FaustinoOro"]
[Black "AccioChess"]
[Result "1-0"]
[WhiteElo "2904"]
[BlackElo "2438"]
[TimeControl "180+1"]
[EndTime "8:17:45 PDT"]
[Termination "FaustinoOro won on time"]

1. e4 c5 2. Nf3 Nc6 3. Bb5 g6 4.
O-O Bg7 5. Bxc6 dxc6 6. d3 Nf6 7.
Nbd2 O-O 8. h3 Ne8 9. a4 b6 10. Re1 Nc7 11. Nc4 Ba6 12. Ne3 f5 13. exf5 gxf5 14.
Nf1 f4 15. N1d2 Qd7 16. Rb1 Rf5 17. b3 Nd5 18. Ne4 Nc3 19. Nxc3 Bxc3 20. Re4 Raf8 21. Bb2 Bxb2 22. Rxb2 c4 23. bxc4 c5 24. Rb1 Bb7 25. Re1 R5f6 26. Ne5 Qf5 27. f3 h5 28. Qe2 Re6 29.
c3 Rd8 30. Rbd1 Kg7 31. d4 cxd4 32. cxd4 Bc6 33. d5 Bxa4 34. Ra1 1-0

[Event "Early-Titled-Tuesday-Blitz-March-19-2024"]
[Site "Chess.com"]
[Date "2024.03.19"]
[Round "2"]
[White "betta2004"]
[Black "Gryffindorac8"]
[Result "0-1"]
[WhiteElo "2559"]
[BlackElo "2372"]
[TimeControl "180+1"]
[EndTime "8:17:45 PDT"]
[Termination "Gryffindorac8 won by checkmate"]

1. d4 Nf6 2. Nc3 d5 3. Bf4 a6 4. e3 b5 5. Nf3 e6 6. Bd3 Bb7 7. Ne5 c5 8. dxc5 Bxc5 9. O-O O-O 10. a3 Nbd7 11. Ne2 Nxe5 12. Bxe5 Bd6 13. Bxd6 Qxd6 14.
b4 e5 15. c3 Qc6 16. f3 Rfe8 17. Rc1 Rad8 18. Qb3 Qb6 19. Kf2 e4 20. Bb1 exf3 21. Nd4 Ng4+ 22. Kxf3 Rxe3+ 23. Kxg4 Bc8+ 24. Kg5 Qh6# 0-1

[Event "Early-Titled-Tuesday-Blitz-March-19-2024"]
[Site "Chess.com"]
[Date "2024.03.19"]
[Round "2"]
[White "RamyresCoelho"]
[Black "RebelJohnny"]
[Result "0-1"]
[WhiteElo "2296"]
[BlackElo "2537"]
[TimeControl "180+1"]
[EndTime "8:17:45 PDT"]
[Termination "RebelJohnny won by checkmate"]

1. e4 d6 2. d4 Nf6 3. Nc3 c6 4.
f3 e5 5. dxe5 dxe5 6. Qxd8+ Kxd8 7. Bg5 Be6 8. O-O-O+ Kc7 9. f4 Bb4 10. fxe5 Ng4 11. Nh3 Bxc3 12. bxc3 Nd7 13. Be7 Ndxe5 14. Bd6+ Kb6 15. Be2 f6 16. Kd2 Rad8 17. Ke1 a6 18.
Rb1+ Ka7 19. Bc5+ Ka8 20. Bb6 Rd7 21. Nf4 Bxa2 22. Ra1 Bc4 23. Nd3 Bxd3 24. cxd3 Nxd3+ 25. Kf1 Nde5 26. h3 Nh6 27. Kf2 Rd2 28. Ke3 Rb2 29. Bd4 Rd8 30. Rhb1 Rxb1 31. Rxb1 Nhf7 32. g4 Ng5 33. h4 Ne6 34. Bb6 Rd7 35. g5 fxg5 36. hxg5 Nxg5 37. Rf1 Rf7 38. Rd1 Nd7 39. Bg4 Nxb6 40.
Rd8+ Ka7 41. Bf5 g6 42. Bg4 Re7 43. Kd4 Rxe4+ 44. Kc5 Rxg4 45. c4 Rxc4+ 46. Kd6 Rd4+ 47. Kc7 Ne6# 0-1

[Event "Early-Titled-Tuesday-Blitz-March-19-2024"]
[Site "Chess.com"]
[Date "2024.03.19"]
[Round "2"]
[White "BozeKat"]
[Black "ajeale2"]
[Result "0-1"]
[WhiteElo "2048"]
[BlackElo "2462"]
[TimeControl "180+1"]
[EndTime "8:17:45 PDT"]
[Termination "ajeale2 won by checkmate"]

1. d4 e6 2. e4 d5 3. Nd2 Nf6 4. exd5 exd5 5. Bd3 c5 6. Ngf3 c4 7. Be2 Bg4 8. O-O Bd6 9. Ne5 Bxe2 10. Qxe2 O-O 11. c3 Nc6 12. f4 Ne7 13. a4 Rc8 14. g4 Re8 15. g5 Nd7 16. Qg4 Nf8 17. Ndf3 Nc6 18. f5 Nxe5 19. Nxe5 Bxe5 20. dxe5 Rxe5 21.
f6 Re4 22. Qh3 Qd7 23. Rf5 g6 24. Qh6 Re1+ 25. Kf2 Qxf5+ 26. Kxe1 Re8+ 27. Kd1 Qf3+ 28. Kc2 Qd3# 0-1

[Event "Early-Titled-Tuesday-Blitz-March-19-2024"]
[Site "Chess.com"]
[Date "2024.03.19"]
[Round "2"]
[White "RamonManon0g"]
[Black "Zavgorodniy_Sergiy"]
[Result "0-1"]
[WhiteElo "2395"]
[BlackElo "2615"]
[TimeControl "180+1"]
[EndTime "8:17:46 PDT"]
[Termination "Zavgorodniy_Sergiy won by resignation"]

1. e4 c6 2. Nc3 d5 3. Qf3 d4 4.
Nce2 c5 5. Ng3 Nc6 6. Bc4 e6 7. d3 Ne5 8. Bb5+ Bd7 9. Qh5 Bxb5 10. Qxe5 Nf6 11. Bg5 Rc8 12. Nf3 Be7 13. Bxf6 Bxf6 14. Qh5 Qa5+ 15. Kf1 c4 16. a4 a6 17. Ne2 g6 18.
Qh6 cxd3 19. cxd3 Bxd3 20. Qf4 Bg7 21. h4 O-O 22. Ne1 Bc4 23. h5 d3 24. Nc3 d2+ 25.
Kg1 dxe1=Q+ 26. Rxe1 Qe5 27. Qg4 f5 28. Qh4 Bf6 29. Qh3 g5 30. h6 g4 31. Qh5 Qf4 32.
exf5 Qxf5 33. Qh2 Bxc3 34. Qg3 Bxe1 0-1

[Event "Early-Titled-Tuesday-Blitz-March-19-2024"]
[Site "Chess.com"]
[Date "2024.03.19"]
[Round "2"]
[White "Chessdude1987"]
[Black "SashaKuzhilniy"]
[Result "0-1"]
[WhiteElo "2385"]
[BlackElo "2607"]
[TimeControl "180+1"]
[EndTime "8:17:47 PDT"]
[Termination "SashaKuzhilniy won on time"]

1. e4 c6 2. Nf3 d5 3. Nc3 dxe4 4. Nxe4 Nf6 5. Nxf6+ exf6 6. d4 Bd6 7. g3 O-O 8.
Bg2 Re8+ 9. Be3 Nd7 10. Qd2 Nb6 11. b3 Nd5 12. O-O Bf5 13. c4 Bb4 14. Qc1 Nc3 15.
Kh1 Bd3 16. Bd2 Bxf1 17. Bxf1 Qa5 18. a3 Qh5 19. Kg2 Ne2 20. Bxe2 Rxe2 21. axb4 h6 22. Ra5 g5 23. h3 Rae8 24. g4 Qg6 25. Rf5 h5 26. Kf1 R2e4 27. Be3 hxg4 28. hxg4 Rxg4 0-1

[Event "Early-Titled-Tuesday-Blitz-March-19-2024"]
[Site "Chess.com"]
[Date "2024.03.19"]
[Round "2"]
[White "ahkashefi2800"]
[Black "arnash_bauyrzhan"]
[Result "1-0"]
[WhiteElo "2567"]
[BlackElo "2342"]
[TimeControl "180+1"]
[EndTime "8:17:47 PDT"]
[Termination "ahkashefi2800 won by resignation"]

1. d4 d5 2. c4 e6 3. Nc3 Be7 4. cxd5 exd5 5. Qc2 c6 6. Bf4 Bd6 7. Bg3 Ne7 8. e3 Bf5 9. Qb3 Bxg3 10. hxg3 Qb6 11.
Nf3 Na6 12. Na4 Qxb3 13. axb3 Nb4 14. Kd2 Nc8 15. Nh4 Be6 16. Kc3 a5 17. Be2 Nd6 18. Bd3 Ke7 19. Nf3 g6 20. Rh6 Bf5 21. Bxf5 Nxf5 22.
Rhh1 h5 23. Ne5 Nd6 24. f3 Nf5 25. g4 hxg4 26. Nxg4 Ng3 27. Rxh8 Rxh8 28. Nb6 Na6 29. Rxa5 Nf5 30. b4 Rh1 31. b5 Nc7 32. bxc6 bxc6 33.
Ra7 Kd6 34. Kb3 Nb5 35. Nc8+ Ke6 36. Ra6 Rd1 37. Rxc6+ Nbd6 38. Nxd6 Nxd6 39. Kb4 Rd3 40. Kc5 f5 41. Rxd6+ Ke7 42. Ne5 Rxe3 43. Nxg6+ 1-0

[Event "Early-Titled-Tuesday-Blitz-March-19-2024"]
[Site "Chess.com"]
[Date "2024.03.19"]
[Round "2"]
[White "Hope_6"]
[Black "DenLaz"]
[Result "0-1"]
[WhiteElo "2705"]
[BlackElo "3075"]
[TimeControl "180+1"]
[EndTime "8:17:48 PDT"]
[Termination "DenLaz won on time"]

1. e4 c5 2. Nf3 e6 3. d4 cxd4 4. Nxd4 Nc6 5. Nc3 Qc7 6. g4 a6 7.
Be3 h6 8. h4 Nf6 9. Rg1 Bb4 10.
f3 Ne5 11. Qd2 d5 12. g5 hxg5 13. hxg5 Nfd7 14. O-O-O Nb6 15. a3 Nbc4 16. Bxc4 Nxc4 17.
Qe1 Nxe3 18. Qxe3 Bxc3 19. bxc3 dxe4 20. Qxe4 Qxc3 21. Nf5 Qa1+ 22. Kd2 Rh2+ 23. Ke1 Qc3+ 24. Kf1 e5 25. Nd6+ Kf8 26. Qd3 Bh3+ 0-1

[Event "Early-Titled-Tuesday-Blitz-March-19-2024"]
[Site "Chess.com"]
[Date "2024.03.19"]
[Round "2"]
[White "biostatistician"]
[Black "Kirill_Klukin"]
[Result "1-0"]
[WhiteElo "2599"]
[BlackElo "2814"]
[TimeControl "180+1"]
[EndTime "8:17:48 PDT"]
[Termination "biostatistician won by resignation"]

1. d4 Nf6 2. Nf3 e6 3. c4 Nc6 4. Nc3 Bb4 5. Bd2 O-O 6. a3 Bxc3 7.
Bxc3 Ne4 8. Rc1 Nxc3 9. Rxc3 d6 10. e3 e5 11. dxe5 dxe5 12. Qxd8 Rxd8 13. Be2 a5 14.
O-O Bg4 15. h3 Bf5 16. Rd1 Rxd1+ 17. Bxd1 Rd8 18. Ba4 e4 19. Bxc6 bxc6 20. Nd4 Bd7 21. c5 Rb8 22. Rb3 Rxb3 23. Nxb3 a4 24. Nd2 f5 25.
Nb1 Be6 26. Nc3 Bb3 27. Ne2 g6 28. Nd4 Bd5 29. Kf1 Kf7 30. Ke2 Kf6 31. Kd2 Ke5 32.
Kc3 f4 33. Kb4 g5 34. Kxa4 h5 35. Kb4 g4 36. hxg4 h4 37. Nf5 fxe3 38. fxe3 Be6 39.
Nxh4 Bxg4 40. Kc3 Be2 41. Ng6+ Kf6 42. Nf4 Bf1 43. Kd4 Kf5 44. b4 Bb5 45. Nh5 Bd3 46.
Ng3+ Kg4 47. Nxe4 1-0